 Dungeon Crawl Stone Soup version 0.28.0-53-g5a82cb258f (webtiles) character file.

Game seed: 6541120123762056281

322 LynnLen the Sneak (level 6, -2/41 HPs)
             Began as a Vampire Enchanter on Aug 2, 2022.
             Shot with an arrow by a centaur (15 damage)
             ... on level 4 of the Dungeon.
             The game lasted 00:10:17 (2997 turns).

LynnLen the Sneak (Vampire Enchanter)               Turns: 2997, Time: 00:10:17

Health: -2/41      AC:  2    Str:  7    XL:     6   Next: 22%
Magic:  9/9        EV: 14    Int: 18    God:
Gold:   172        SH:  0    Dex: 16    Spells: 3/9 levels left

rFire   . . .      SeeInvis +   a - +2 dagger
rCold   . . .      Faith    .   (no shield)
rNeg    . . .      Spirit   .   b - +0 robe
rPois   .          Reflect  .   (no helmet)
rElec   .          Harm     .   (no cloak)
rCorr   .          Rampage  .   (no gloves)
Will    .....                   (no boots)
Stlth   ++++......              k - amulet of regeneration
HPRegen 1.13/turn               (no ring)
MPRegen 0.11/turn               (no ring)

@: healing quickly, hasted, very quick
A: alive, fangs 3, see invisible, vampiric 2
a: Exsanguinate


You were on level 4 of the Dungeon.
You visited 1 branch of the dungeon, and saw 4 of its levels.

You collected 172 gold pieces.

Inventory:

Hand Weapons
 a - a +2 dagger (weapon)
Missiles
 d - 94 stones (quivered)
 e - 8 poisoned darts
Armour
 b - a +0 robe (worn)
Jewellery
 i - an amulet of the acrobat
 k - an amulet of regeneration (around neck)
Wands
 j - a wand of paralysis (7)
Scrolls
 l - a scroll of noise
 m - a scroll of magic mapping {unknown}
Potions
 c - 2 potions of curing
 g - 2 potions of attraction
 h - a potion of cancellation {unknown}


   Skills:
 * Level 4.3 Short Blades
 * Level 4.3 Dodging
 + Level 7.1 Stealth
 - Level 2.0 Spellcasting
 - Level 4.4 Hexes


You had 3 spell levels left.
You knew the following spells:

 Your Spells              Type           Power      Damage    Failure   Level
a - Confusing Touch       Hex            17%        N/A       9%          3
b - Tukima's Dance        Hex            17%        N/A       9%          3

Your spell library contained the following spells:

 Spells                   Type           Power      Damage    Failure   Level
 Ensorcelled Hibernation  Hex/Ice        18%        N/A       11%         2
 Dazzling Flash           Conj/Hex       18%        N/A       22%         3
 Spider Form              Tmut/Pois      1%         N/A       47%         3
 Anguish                  Hex/Necr       4%         N/A       58%         4


Dungeon Overview and Level Annotations

Branches:
Dungeon (4/15)
 Temple: D:4-7

Altars:
Qazlal


Innate Abilities, Weirdness & Mutations

Your natural rate of healing is accelerated.
You have razor-sharp teeth.
You have supernaturally acute eyesight. (SInv)
You are afflicted with vampirism and can become a bat while bloodless.


Message History

The quokka is moderately wounded.
The quokka closely misses you.
You hit the quokka but do no damage.
The quokka is moderately wounded.
The quokka completely misses you.
You hit the quokka but do no damage.
The quokka is moderately wounded.
The quokka barely misses you.
You hit the quokka.
The quokka is heavily wounded.
The quokka barely misses you.
You closely miss the quokka. Your bite misses the quokka.
The quokka is heavily wounded.
The quokka misses you.
You hit the quokka.
You kill the quokka!
An orc comes into view. It is wielding a +0 hand axe.
An ogre and a quokka come into view.
Found 13 gold pieces.
The ogre shouts!
The orc shouts!
You hear a shout!
A centaur comes into view.
The centaur wields a +2 vorpal shortbow.
The centaur shoots an arrow.
The arrow barely misses you. The orc hits you with a +0 hand axe.
The centaur shoots an arrow.
The arrow closely misses you.
The centaur shoots an arrow.
The arrow hits you.
As you read the scroll labelled POUZIC HUXO, it crumbles to dust.
You hear a loud clanging noise!
It was a scroll of noise.
The orc hits you with a +0 hand axe.
You feel yourself speed up. The quokka barely misses you.
The orc barely misses you. The quokka bites you.
The orc hits you with a +0 hand axe. The ogre closely misses you.
The quokka bites you but does no damage.
The quokka bites you.
You see here a +0 hunting sling.
The centaur shoots an arrow.
The arrow hits you!
The centaur shoots an arrow.
The arrow hits you.
The centaur shoots an arrow.
The arrow hits you!
You die...

##..## ###...........## #....#
##...........###
.....####.............#
###+###....#.............##
##.....##.................#
###.......#..............####
##.#.......#...............##.#.
...#..._...#.....................
...#.......#....@###....#........
...#.......#.......#...###.......
#..##.....##..........## .......
....###'###..##.......# #......
....#...#.......O...#### #..##...
........#.#.........##.###..# ###
.....#...........rc....#....# ###
..####.####......o..##......# #..
...##.####.......#)## .#... ##.#


You could see an ogre, a centaur, an orc and a quokka.

Vanquished Creatures
  A phantom (D:3)
  A scorpion (D:4)
  2 centaur skeletons (D:4)
  Terence (D:2)
  A hound skeleton (D:4)
  A gnoll (D:2)
  2 adders (D:3)
  2 worms (D:3)
  3 dart slugs
  6 ball pythons
  2 bats
  7 endoplasms
  4 giant cockroaches
  A goblin (D:1)
  2 hobgoblins
  2 jackals (D:2)
  6 kobolds
  3 quokkas (D:4)
  2 frilled lizards (D:3)
  4 rats
53 creatures vanquished.

Notes
Turn   | Place    | Note
-------+----------+-------------------------------------------
     0 | D:1      | LynnLen the Vampire Enchanter began the quest for the Orb.
     0 | D:1      | Reached XP level 1. HP: 13/13 MP: 3/3
    68 | D:1      | Found a faded altar of an unknown god.
   301 | D:1      | Reached XP level 2. HP: 13/19 MP: 5/5
   468 | D:1      | Reached skill level 5 in Stealth
   955 | D:2      | Noticed Terence
  1143 | D:2      | Gained mutation: You are afflicted with vampirism and can
                  | become a bat while bloodless. [Vampire growth]
  1143 | D:2      | Reached XP level 3. HP: 24/24 MP: 6/6
  1394 | D:2      | Learned a level 3 spell: Confusing Touch
  1398 | D:2      | Learned a level 3 spell: Tukima's Dance
  1468 | D:2      | Killed Terence
  1597 | D:2      | Reached skill level 6 in Stealth
  1597 | D:2      | Reached XP level 4. HP: 12/30 MP: 7/7
  1701 | D:3      | Noticed a phantom
  2091 | D:3      | Killed a phantom
  2092 | D:3      | Reached XP level 5. HP: 35/35 MP: 5/8
  2880 | D:4      | Reached skill level 7 in Stealth
  2880 | D:4      | Reached XP level 6. HP: 41/41 MP: 9/9
  2891 | D:4      | Found a stormy altar of Qazlal.
  2997 | D:4      | Shot with an arrow by a centaur

Illustrated notes

Levels and vault maps discovered:
D:1:      dpeg_arrival_rooms_b, layout_basic, nicolae_ecumenical_lake_church,
          minmay_small_reverse_x
D:2:      layout_loops_ring, cheibrodos_gnoll_hut, uniq_terence
D:3:      layout_basic
D:4:      layout_cave_pools, minitemple, kennysheep_flooded_box

Skill      XL: |  1  2  3  4  5 |
---------------+----------------+-----
Stealth        | 5 6 7 |  7.1
Short Blades   | 2 3 4 |  4.3
Dodging        | 3 4 |  4.3
Spellcasting   | |  2.0
Hexes          | |  4.4

Action                   |  1- 3 |  4- 6 || total
-------------------------+-------+-------++-------
Melee: Dagger            |   111 |   122 ||   233
       Bite              |    20 |    19 ||    39
       Punch             |     1 |     3 ||     4
 Cast: Confusing Touch   |     2 |     5 ||     7
  Use: Scroll            |     2 |     4 ||     6
       Potion            |     1 |     4 ||     5
 Stab: Sleeping          |    10 |     8 ||    18
       Invisible         |     1 |       ||     1
       Confused          |       |     2 ||     2
Armor: Robe              |     8 |    16 ||    24
Dodge: Dodged            |    56 |    77 ||   133
